General information
			
			
        
        - name: BNet
 
        - type: Ladder 1vs1/FFA
 
        - host: Battle.net
 
        - saver: TrashLasso
 
        
map: TwistedMeadows 
        - players: 2
 
        - length: 15:48
 
        - speed: Fast
 - version: 1.22 W3XP
 - replay type:  Public
 
» download(38 KB)
Players
        team 1 (winner) 
              
              
TrashLasso (
orange | 51 APM | 807 actions | 15:48)
              
 1 Mountain King 
 1 Storm Bolt
 
                » actions 
                
                | Assign group hotkey | 9 |  | 
| Basic commands | 75 |  | 
| Build / train | 27 |  | 
| Enter build submenu | 20 |  | 
| Enter hero's abilities submenu | 1 |  | 
| Right click | 253 |  | 
| Select / deselect | 256 |  | 
| Select group hotkey | 131 |  | 
| Use ability | 35 |  | 
                807 total
 » units 
                » buildings
                
                | Barracks | 2 |  | 
| Altar of Kings | 1 |  | 
| Farm | 3 |  | 
| Keep | 1 |  | 
| Scout Tower | 3 |  | 
| Lumber Mill | 2 |  | 
| Arcane Tower | 1 |  | 
| Guard Tower | 2 |  | 
| Arcane Vault | 1 |  | 
| Arcane Sanctum | 2 |  | 
| Castle | 1 |  | 
                19 total
 » build order
                01:32 Barracks
01:44 Altar of Kings
02:07 Barracks
02:46 Farm
06:38 Keep
06:50 Farm
09:03 Scout Tower
09:11 Lumber Mill
09:38 Arcane Tower
09:49 Lumber Mill
10:18 Farm
10:41 Scout Tower
10:43 Scout Tower
11:16 Guard Tower
11:16 Guard Tower
11:38 Arcane Vault
11:41 Arcane Sanctum
11:43 Arcane Sanctum
11:58 Castle
» items
                 
               team 2 (loser) 
              
              
VICENTE809 (
blue | 20 APM | 315 actions | 15:46)
              
 5 Paladin 
 2 Holy Light
 2 Devotion Aura
 1 Divine Shield
 
                » actions 
                
                | Basic commands | 4 |  | 
| Build / train | 60 |  | 
| Enter build submenu | 24 |  | 
| Enter hero's abilities submenu | 4 |  | 
| Right click | 50 |  | 
| Select / deselect | 142 |  | 
| Use ability | 31 |  | 
                315 total
 » units 
                
                | Peasant | 7 |  | 
| Footman | 20 |  | 
| Rifleman | 4 |  | 
| Priest | 3 |  | 
                34 total
 » upgrades
                
                | Masonry | 2 |  | 
| Defend | 1 |  | 
| Swords | 2 |  | 
| Gunpowder | 1 |  | 
| Plating | 1 |  | 
| Armor | 1 |  | 
| Lumber Harvesting | 1 |  | 
| Priest Training | 1 |  | 
| Magic Sentry | 1 |  | 
                11 total
 » buildings
                
                | Barracks | 2 |  | 
| Farm | 10 |  | 
| Lumber Mill | 1 |  | 
| Blacksmith | 1 |  | 
| Altar of Kings | 1 |  | 
| Scout Tower | 6 |  | 
| Guard Tower | 6 |  | 
| Keep | 1 |  | 
| Arcane Sanctum | 1 |  | 
| Castle | 1 |  | 
                30 total
 » build order
                00:10 Barracks
00:32 Farm
01:27 Barracks
01:41 Lumber Mill
01:53 Farm
02:29 Farm
03:55 Farm
04:37 Farm
05:16 Blacksmith
05:24 Altar of Kings
06:04 Scout Tower
06:54 Guard Tower
07:07 Keep
07:51 Scout Tower
07:58 Farm
08:07 Scout Tower
08:43 Scout Tower
09:10 Guard Tower
09:13 Guard Tower
09:32 Scout Tower
09:37 Scout Tower
10:22 Guard Tower
11:00 Arcane Sanctum
11:04 Farm
11:14 Guard Tower
12:25 Farm
13:20 Farm
13:22 Guard Tower
14:54 Farm
15:05 Castle
 
                Chat log
          (00:45 / All) VICENTE809: hello
(00:47 / All) TrashLasso: hety
(00:51 / All) VICENTE809: is from usa
(00:55 / All) TrashLasso: who is
(01:56 / All) TrashLasso: what's your native language?
(02:05 / All) VICENTE809: portuquese
(02:08 / All) TrashLasso: ah
(02:13 / All) TrashLasso: but you live in the u.s.
(02:14 / All) TrashLasso: ?
(02:16 / All) VICENTE809: ym from brazil
(02:30 / All) TrashLasso: cool
(02:32 / All) TrashLasso: never been there
(02:46 / All) VICENTE809: you age?
(02:51 / All) TrashLasso: 27
(02:53 / All) TrashLasso: old
(03:19 / All) VICENTE809: y 28
(03:28 / All) TrashLasso: You know about the pororoca?
(03:31 / All) VICENTE809: 2 olds
(03:34 / All) TrashLasso: yeah
(03:48 / All) TrashLasso: have you heard of pororoca?
(03:56 / All) TrashLasso: it's when the amazon river goes the wrong way
(04:23 / All) VICENTE809: my not amazonia........is são paulo
(04:27 / All) TrashLasso: ah
(04:43 / All) TrashLasso: i'd bet that not many people live right on the amazon
(04:47 / All) VICENTE809: is your
(04:57 / All) TrashLasso: i live in california
(05:20 / All) TrashLasso: where do you live?
(05:50 / All) VICENTE809: transporting of all
(06:05 / All) TrashLasso: sorry i don't understand
(06:49 / All) VICENTE809: ablas espanõl
(07:00 / All) TrashLasso: only a little bit
(07:43 / All) VICENTE809: my dick is yor bitch
(07:48 / All) TrashLasso: true enough